[Event "55th Iranian-ch Men Final 2022"]
[Site "Iran"]
[Date "2022.06.22"]
[Round "11.2"]
[White "Ashraf, Artin"]
[Black "Rastbod, Ali"]
[Result "0-1"]
[ECO "D31"]
[WhiteElo "2096"]
[BlackElo "2362"]
[Annotator "TA"]
[PlyCount "86"]
[EventDate "2022.06.15"]
[EventType "tourn"]
[EventCountry "IRI"]
[SourceTitle "playchess.com"]
[Source "ChessBase"]
[SourceQuality "1"]
[TimeControl "40/5400+30:1800+30"]

1. c4 e6 2. d4 d5 3. Nc3 Bb4 4. cxd5 exd5 5. Bf4 c6 6. e3 {[%emt 0:00:14] D31: Queen's Gambit Declined: Semi-Slav without ...Nf6 (+ Marshall Gambit and Noteboom) and Exchange Variation lines without ...Nf6.} Ne7 7. Nge2 {[%emt 0:11:13] [#]} Ng6 $146 ({Predecessor:} 7... O-O 8. a3 Bd6 9. Bxd6 Qxd6 10. Ng3 Nd7 11. Bd3 f5 12. Qc2 g6 13. Nce2 Nf6 {1-0 (40) Kaasen,T (2385)-Ajay Krishna,S (2302) Stockholm 2020}) 8. Bg3 {[%emt 0:04:12] The position is equal.} O-O 9. h4 Re8 10. a3 Bd6 11. h5 Nf8 12. Qc2 Ne6 13. Rd1 f5 (13... h6 $11) 14. Bxd6 ({Much weaker is} 14. Qxf5 Nxd4 15. Qd3 Nxe2 16. Nxe2 Bxg3 17. Nxg3 Qf6 $11) 14... Qxd6 15. Qxf5 Nxd4 $1 16. Qf4 Nf5 17. Qxd6 Nxd6 18. Nd4 Nd7 19. Be2 Nf6 20. Kd2 Ng4 21. Bxg4 Bxg4 22. f3 Bd7 23. b3 {[%emt 0:00:59] Prevents Nc4+.} Re5 24. g4 c5 25. Nc2 Nb5 26. Nxb5 Bxb5 27. Rh2 Bc6 28. Ne1 Rae8 29. Re2 R5e7 {[%emt 0:09:27] ...Bb5 is the strong threat.} 30. Nd3 {[%emt 0:02:11] [#]} ({Better is} 30. Ng2 $15) 30... c4 $1 $17 31. bxc4 (31. Nb4 $17) 31... dxc4 $19 32. Ne1 Ba4 33. Rc1 (33. Nc2 $142) 33... b5 (33... Rd7+ $19 {is more deadly.} 34. Kc3 Bd1 35. Rxd1 Rxd1 36. Kxc4 g6 37. hxg6 hxg6) 34. e4 (34. Nc2 $17 {keeps fighting.}) 34... a5 35. Kc3 (35. Ke3 $142) 35... Rb8 {[%emt 0:00:31] White must now prevent ...b4+.} 36. Rb2 (36. Rb1 {was worth a try.}) 36... Rd7 37. f4 Bb3 38. Re2 $2 (38. Rf2 b4+ 39. Kb2) 38... b4+ {[%emt 0:00:15] Black is clearly winning.} 39. Kb2 Bd1 40. Re3 c3+ 41. Kb1 Rd2 {[%emt 0:02:24] [#] ( -> ...Bb3)} 42. Nf3 Rb2+ 43. Ka1 Rd8 {[%emt 0:02:22] Weighted Error Value: White=0.63/Black=0.23 (precise)} (43... Bc2 $142 44. Nd4 b3 45. Nxb3 Bxb3 46. Rcxc3 Be6) 0-1

[Event "55th Iranian-ch Men Final 2022"]
[Site "Iran"]
[Date "2022.06.22"]
[Round "11.3"]
[White "Ghaem Maghami, Ehsan"]
[Black "Omidi, Arya"]
[Result "1-0"]
[ECO "E97"]
[WhiteElo "2519"]
[BlackElo "2321"]
[Annotator "TA"]
[PlyCount "99"]
[EventDate "2022.06.15"]
[EventType "tourn"]
[EventCountry "IRI"]
[SourceTitle "playchess.com"]
[Source "ChessBase"]
[SourceQuality "1"]
[TimeControl "40/5400+30:1800+30"]

1. Nf3 Nf6 2. c4 g6 3. Nc3 Bg7 4. e4 O-O 5. d4 d6 6. Be2 e5 7. O-O Nc6 8. Be3 Ng4 9. Bg5 f6 10. Bh4 g5 11. Bg3 Nh6 12. dxe5 fxe5 13. Nd5 $1 {[%emt 0:00:29][%mdl 4] is recently more successful than 13.h3. E97: King's Indian: Classical Main Line (6...e5 7 0-0 Nc6): 8 Be3 and 8 d5 Ne7, not 9 Ne1.} Nf7 14. Rc1 {[%emt 0:26:37] [#]} h5 $146 {[%emt 0:07:18] [#] aiming for ...h4.} ({Predecessor:} 14... Nd4 15. Nxd4 exd4 16. c5 c6 17. Nb4 dxc5 18. Rxc5 Qe7 19. Nd3 Qxe4 20. Re1 Qe6 {½-½ (28) Gonda,L (2532)-Palliser,R (2413) Hull 2019}) 15. h3 $1 {[%emt 0:00:51] 0x0.000861655147dp-1022s more active pieces. The black rooks are badly placed. White is better.} Nh6 (15... h4 $14 16. Bh2 Nd4) 16. c5 $16 h4 17. Bh2 Kh8 (17... g4 $16 {was called for.}) 18. cxd6 cxd6 19. Ne3 Qf6 20. Nd2 Nd4 21. Bc4 Bd7 22. Nb3 Qg6 {[%emt 0:04:33] [#]} 23. f3 $1 {[%emt 0:03:03] Prevents g4.} b5 24. Bd5 Rac8 25. Rxc8 Rxc8 26. Kh1 Ng8 27. Bxg8 (27. Nxd4 exd4 28. Nc2 Ne7 $16) 27... Kxg8 28. Nd5 {[%emt 0:00:38] Hoping for Ne7+.} Re8 {[%emt 0:00:13] Inhibits Ne7+.} 29. Nxd4 exd4 30. Bg1 Be6 31. Nc7 ({Resist} 31. Bxd4 Bxd5 32. exd5 Re7 $16) 31... Rc8 32. Nxe6 ({Don't play} 32. Nxb5 Bc4 $16) 32... Qxe6 33. Bxd4 Bxd4 34. Qxd4 $18 {[%emt 0:00:06][%mdl 4096] Endgame KQR-KQR} Qe5 35. Qd2 a6 36. b3 Kg7 37. Rd1 Rc6 38. a4 bxa4 39. bxa4 ({Better is} 39. Qb4 $16 {Threatens to win with Qb7+.} Qc5 40. Qxa4) 39... Kf6 $2 {[%emt 0:00:02][%mdl 8192] Loses the game.} ({Black should play} 39... Rc4 $14) 40. Qb4 Qf4 (40... Qe7 $142 41. Qd4+ Kg6) 41. Qb8 {[%emt 0:02:11] Threatening mate with Qd8+.} Qe5 42. Qb7 ({Not} 42. Qg8 Ke7 43. Rb1 Kf6 44. Qf8+ Kg6 $18) 42... Qc5 43. Qd7 {[%emt 0:00:32][%cal Of3f4] And now f4! would win.} Rb6 (43... Qc2 $142) 44. Qd8+ Ke6 45. Qe8+ Kf6 46. Qd7 a5 47. Qd8+ Ke6 48. Qe8+ Kf6 49. Qd7 Rc6 $2 (49... Kg6 50. Qe6+ Kg7) 50. f4 {[%emt 0:00:28] Weighted Error Value: White=0.27 (precise) /Black=0.46} 1-0

[Event "55th Iranian-ch Men Final 2022"]
[Site "Iran"]
[Date "2022.06.22"]
[Round "11.4"]
[White "Mousavi, Seyed Khalil"]
[Black "Naderi, Abdollah"]
[Result "1-0"]
[ECO "B43"]
[WhiteElo "2524"]
[BlackElo "2050"]
[Annotator "TA"]
[PlyCount "69"]
[EventDate "2022.06.15"]
[EventType "tourn"]
[EventCountry "IRI"]
[SourceTitle "playchess.com"]
[Source "ChessBase"]
[SourceQuality "1"]
[TimeControl "40/5400+30:1800+30"]

1. e4 c5 2. Nf3 e6 3. d4 cxd4 4. Nxd4 a6 5. Nc3 Qc7 6. Bd3 Bc5 7. Nb3 {[%emt 0:02:18] B43: Sicilian: Kan Variation: 5 Nc3.} Be7 8. Qg4 g6 9. Be3 {[%emt 0:01:43] White is slightly better.} d6 {[%emt 0:08:51] [#]} 10. Qg3 $146 ({Predecessor:} 10. Qe2 Nd7 11. a4 b6 12. O-O Bb7 13. Rae1 Ngf6 14. Bh6 Bf8 15. Bxf8 Kxf8 16. f4 {1-0 (57) Ivanovic,M (2245)-Garabetyan,A (2096) Belgrade 2021}) 10... Nc6 11. O-O-O b5 12. Kb1 Bb7 {[%emt 0:05:05] [#]} (12... Nf6 $11) 13. h4 (13. Bxb5 $1 $14 axb5 14. Nxb5) 13... h5 14. Bxb5 (14. f4 $5 ) 14... Nf6 ({Black should play} 14... axb5 $14 15. Nxb5 Qb8) 15. Be2 $16 {[%emt 0:06:42] 0x0.001b6910e283dp-1022s more active pieces.} Ne5 16. f3 O-O 17. Qf2 Rfc8 18. Bb6 Qb8 19. Qe3 (19. Bd4 {keeps more tension.} a5 20. a4 d5 21. Qg3) 19... Bc6 (19... a5 $14) 20. Rdg1 (20. g4 $16) 20... Ned7 (20... a5 $1 $11 21. Bd4 (21. Nxa5 $2 Nfd7 $19) (21. Bxa5 d5 $11) 21... a4) 21. Ba5 $1 $36 {[%emt 0:00:30][%mdl 2048] White is really pushing.} d5 22. g4 {[%emt 0:00:44] aiming for gxh5.} dxe4 23. Nxe4 (23. fxe4 $16 {gxh5 is the strong threat.} Nxg4 24. Bxg4 hxg4 25. h5) 23... Nd5 (23... Qe5 $1 $14 24. Nxf6+ Bxf6 25. Qxe5 Nxe5) 24. Qd2 $1 {[%emt 0:01:06] Black must now prevent gxh5.} N7f6 25. Nxf6+ $1 Nxf6 $4 {[%emt 0:02:31][%mdl 8192] This costs Black the game.} (25... Bxf6 $16 {is tougher.} 26. Bd3 Bb5) 26. gxh5 $18 Nxh5 27. Qh6 $1 {[%emt 0:00:09] Strongly threatening Bc3.} Nf4 {[%emt 0:00:25] [#]} 28. Bc3 $1 e5 {[%emt 0:00:18] [#]} 29. Bc4 (29. h5 $142 $1 Bd5 {[#]} 30. hxg6 $1 fxg6 31. Rxg6+ Kf7 32. Qg7+ Ke8 33. Bxe5 Nxg6 34. Bxb8) 29... Bd5 30. Bxd5 Nxd5 31. h5 Nxc3+ 32. bxc3 g5 33. Rxg5+ Bxg5 34. Rg1 f6 35. Qxf6 $1 {[%emt 0:00:07] Weighted Error Value: White=0.17 (very precise) /Black=0.95} 1-0

[Event "55th Iranian-ch Men Final 2022"]
[Site "Iran"]
[Date "2022.06.22"]
[Round "11.5"]
[White "Atakhan, Abtin"]
[Black "Poormosavi, Seyed Kian"]
[Result "0-1"]
[ECO "A28"]
[WhiteElo "2358"]
[BlackElo "2358"]
[Annotator "TA"]
[PlyCount "54"]
[EventDate "2022.06.15"]
[EventType "tourn"]
[EventCountry "IRI"]
[SourceTitle "playchess.com"]
[Source "ChessBase"]
[SourceQuality "1"]
[TimeControl "40/5400+30:1800+30"]

1. Nf3 Nf6 2. c4 Nc6 3. Nc3 e5 4. e3 Bb4 5. Qc2 O-O 6. Nd5 Re8 7. a3 Bf8 (7... e4 $5) 8. Qf5 {[%emt 0:12:19] A28: English Opening: Four Knights Variation.} (8. h4 $11) 8... Nxd5 $1 $15 9. cxd5 {[%emt 0:03:02] [#] Strongly threatening Ng5.} d6 $1 10. Qc2 {[%emt 0:00:16] Black is slightly better.} (10. Qb1 Ne7) 10... Ne7 11. Bc4 {[%emt 0:02:13] [#]} Bg4 $146 ({Predecessor:} 11... g6 12. b4 {½-½ (12) Mirzoev,E (2493)-Hopman,P (2347) Bayerisch Eisenstein 2019}) 12. Ng5 Ng6 13. h4 h6 14. Ne6 fxe6 (14... Qf6 $17 15. Nxf8 (15. Nxc7 Rec8 $17) 15... Rxf8) 15. Qxg6 $11 Bf5 16. Qg3 c6 17. dxe6 Bxe6 18. Bxe6+ Rxe6 19. e4 d5 20. Qg4 Rf6 {[%emt 0:01:35] aiming for ...Bc5.} 21. O-O Bc5 {[%emt 0:00:46] And now ...Qb6 would win.} 22. d3 (22. d4 $17 Bxd4 23. Be3) 22... Qb6 $19 {[%emt 0:01:48] Threatens to win with ...Raf8.} 23. Kh2 (23. Be3 {was necessary.}) 23... Bxf2 24. Bg5 $2 {[%emt 0:03:48] [#]} (24. Bd2) 24... hxg5 {[%emt 0:04:06] Black is clearly winning.} 25. hxg5 Rd6 26. g6 Qe3 27. g3 Qh6+ {[%emt 0:01:56] Weighted Error Value: White=0.70/Black=0.06 (flawless)} 0-1

[Event "55th Iranian-ch Men Final 2022"]
[Site "Iran"]
[Date "2022.06.22"]
[Round "11.6"]
[White "Darini, Pouria"]
[Black "Daghli, Arash"]
[Result "1/2-1/2"]
[ECO "B45"]
[WhiteElo "2431"]
[BlackElo "2441"]
[Annotator "TA"]
[PlyCount "81"]
[EventDate "2022.06.15"]
[EventType "tourn"]
[EventCountry "IRI"]
[SourceTitle "playchess.com"]
[Source "ChessBase"]
[SourceQuality "1"]
[TimeControl "40/5400+30:1800+30"]

1. e4 c5 2. Nf3 e6 3. d4 cxd4 4. Nxd4 Nf6 5. Nc3 Nc6 6. a3 Be7 7. Nxc6 $1 {[%emt 0:00:00][%mdl 4] is now more promising than 7.Be2. B45: Sicilian Four Knights.} bxc6 8. e5 Nd5 9. Qg4 g6 (9... Nxc3 10. Qxg7 Rf8 11. bxc3 $14) 10. Ne4 f5 11. exf6 $1 Nxf6 12. Nxf6+ Bxf6 13. Be2 d5 14. O-O O-O {[%emt 0:01:17] [#]} 15. Rb1 $146 ({Predecessor:} 15. Qa4 Qc7 16. c4 Rb8 17. Rb1 c5 18. Bh6 Bd7 19. Qd1 Rfd8 20. cxd5 Bc6 21. Qc1 Bxd5 22. Bf4 Be5 23. Bxe5 Qxe5 24. Re1 Qd4 {½-½ (24) Papp,G (2574)-Efimenko,Z (2597) Germany 2022}) 15... e5 16. Qa4 Qd6 17. Bd2 e4 18. Rbd1 Be5 19. h3 Qf6 20. Be3 Bxb2 21. f3 Qd6 {[%emt 0:00:46][%cal Oc8h3] And now ...Bxh3! would win.} (21... Qc3 $5 22. Bh6 exf3 23. Bxf3 Qc5+ 24. Kh1 Bg7 25. Bxg7 Kxg7 $17) 22. fxe4 {[%emt 0:05:14] [#]} Bxh3 $1 {[%emt 0:00:44] ( -> ...Qg3)} 23. Bf3 (23. Rf3 Be6) 23... Be6 (23... Bxa3 $2 24. e5 Qe7 25. gxh3 $18) (23... Rxf3 $5 24. Rxf3 Bg4 $15) 24. exd5 cxd5 25. c4 Qe5 ({Don't take} 25... Bxa3 26. Rxd5 Qb4 27. Ra5 Rxf3 28. gxf3 Qxa4 29. Rxa4 $16) 26. Rde1 Bd4 ({But not} 26... dxc4 27. Bf2 Qd6 28. Bxa8 Rxa8 29. Rd1 $14) 27. Bxd4 Qxd4+ 28. Rf2 (28. Kh1 $5 Bf7 29. Qa6 $11) 28... Rae8 29. Rd1 Qh4 30. Qxa7 dxc4 31. Bc6 Rxf2 32. Qxf2 Qh5 (32... Qxf2+ $15 33. Kxf2 Re7) 33. Re1 $11 {[%emt 0:00:44] Active counter play! The position is equal.} Rf8 34. Qd4 Bf7 35. Re5 {[%emt 0:00:34] Inhibits Qa5.} ({Much worse is} 35. Re7 Qg5 36. Rd7 Qc1+ 37. Kh2 Qxa3 $15) 35... Qh6 36. Bd5 Qc1+ 37. Kh2 Bxd5 38. Qxd5+ Kh8 39. Re4 {[%emt 0:01:18] Inhibits Qf4+.} Qh6+ 40. Kg1 Qc1+ 41. Kh2 {[%emt 0:00:55] Weighted Error Value: White=0.06 (flawless) /Black=0.07 (flawless)} 1/2-1/2

[Event "55th Iranian-ch Men Final 2022"]
[Site "Iran"]
[Date "2022.06.22"]
[Round "11.7"]
[White "Khamisi, S Jafar"]
[Black "Daneshvar, Bardiya"]
[Result "0-1"]
[ECO "B62"]
[WhiteElo "2118"]
[BlackElo "2486"]
[Annotator "TA"]
[PlyCount "66"]
[EventDate "2022.06.15"]
[EventType "tourn"]
[EventCountry "IRI"]
[SourceTitle "playchess.com"]
[Source "ChessBase"]
[SourceQuality "1"]
[TimeControl "40/5400+30:1800+30"]

1. e4 c5 2. Nf3 d6 3. d4 cxd4 4. Nxd4 Nf6 5. Nc3 Nc6 6. Bg5 e6 7. Qd3 Bd7 {[%emt 0:00:15] The modern move. B62: Sicilian: Richter-Rauzer: 6...e6: Unusual White 7th moves.} 8. Ndb5 Nb4 9. Qd1 Qb8 {[%emt 0:00:47] The position is equal.} 10. Bf4 e5 11. Bg5 a6 12. Bxf6 gxf6 13. Na3 ({Inferior is} 13. a3 Nc6 14. Nd5 axb5 $17) 13... b5 {[%emt 0:11:23] Prevents Nc4.} 14. Be2 {[%emt 0:00:37] [#]} Qd8 $146 ({Black should try} 14... Qb7 $11) ({Predecessor:} 14... Rg8 15. O-O d5 16. exd5 Qb6 17. Bf3 f5 18. Nab1 a5 19. a3 Na6 20. Nd2 Rc8 {½-½ (30) Volkov,R (2161)-Lobanov,S (2516) St Petersburg 2021}) 15. O-O $14 Be6 16. Nab1 Nc6 17. a4 b4 18. Nd5 Bg7 19. Bc4 O-O 20. Nd2 (20. Qd3 $16) 20... f5 $1 $11 21. exf5 Bxf5 22. a5 Kh8 23. Nb3 Bg6 (23... e4 $11) 24. Ra4 (24. Qe2 {is more complex.} e4 25. Bxa6 Qg5 26. Bc4) 24... e4 25. Nxb4 {[%emt 0:02:17] Pair of Knights!} Ne5 26. Bxa6 {[%emt 0:12:31] [#]} (26. Nd5 $16 {stays on course.}) 26... Qd7 $2 ({Better is} 26... Nf3+ $1 $17 27. gxf3 Be5) 27. Qa1 $2 (27. Ra1 $11 {and White stays safe.}) 27... f5 $2 (27... Bh5 $19 {is more deadly.} 28. Kh1 Rxa6 $1 29. Nxa6 Be2) 28. Nd4 {[%emt 0:06:08] [#]} (28. Be2 $17 f4 29. f3) 28... Rxa6 $1 29. Nxa6 $17 {[%emt 0:00:09][%cal Oa6c7] [#] Nc7! is the strong threat.} f4 $1 {[%emt 0:00:56] Black is more active.} 30. Nb4 $2 {[%emt 0:09:08][%mdl 8192] Now White is beyond hope.} (30. f3 $17 exf3 31. gxf3) 30... f3 $19 31. Nd5 fxg2 32. Kxg2 Nf3 {[%emt 0:02:20] ( -> ...Qg4+)} 33. c3 Bxd4 {[%emt 0:00:32] Weighted Error Value: White=0.98/Black=0.33} 0-1

[Event "55th Iranian-ch Men Final 2022"]
[Site "Iran"]
[Date "2022.06.23"]
[Round "12.1"]
[White "Mosadeghpour, Masoud"]
[Black "Daneshvar, Bardiya"]
[Result "0-1"]
[ECO "A11"]
[WhiteElo "2474"]
[BlackElo "2486"]
[Annotator "TA"]
[PlyCount "90"]
[EventDate "2022.06.15"]
[EventType "tourn"]
[EventCountry "IRI"]
[SourceTitle "playchess.com"]
[Source "ChessBase"]
[SourceQuality "1"]
[TimeControl "40/5400+30:1800+30"]

1. Nf3 d5 2. g3 c6 3. Bg2 Bg4 4. c4 e6 5. cxd5 exd5 6. O-O Nd7 7. h3 {[%emt 0:00:14] A11: English Opening: 1...c6.} Bh5 8. d3 Bc5 9. e4 {[%emt 0:02:25] The position is equal.} Ne7 (9... dxe4 $11 10. dxe4 Ngf6) 10. Nc3 O-O 11. exd5 Nxd5 12. Nxd5 cxd5 13. Qb3 {[%emt 0:00:35][%csl LRb7,LRd5] [#]} Bb6 $146 ({Predecessor:} 13... Qb6 14. Qxd5 Nf6 15. Qb3 Rfd8 16. Qxb6 Bxb6 17. g4 Bg6 18. Ne5 Bxd3 19. Nxd3 Rxd3 20. Bxb7 {1-0 (51) Sjugirov,S (2650)-Kuzubov,Y (2699) Riadh 2017}) 14. Qxd5 Nf6 15. Qb5 Rc8 16. Be3 (16. d4 $5) 16... Bxe3 17. fxe3 Qd6 18. g4 Bg6 19. d4 (19. Ne5 $2 a6 20. Qa5 b6 21. Nxf7 Bxf7 $19) 19... a6 20. Qe5 Qb4 21. Nh4 Rce8 22. Qf4 Qxb2 23. Nxg6 hxg6 24. g5 Nh5 25. Qf2 Qa3 26. Rae1 ({But not} 26. Bxb7 Rxe3 27. Bg2 Rc3 $17) ({White should try} 26. e4 $1 $11) 26... Qe7 (26... Qa5 $5 ) 27. h4 $132 {[%emt 0:02:06][%mdl 2048] White is not holding back} f6 28. Qc2 Kh7 29. Bf3 {[%emt 0:02:10] Bxh5 is the strong threat.} Ng3 30. h5 {[%emt 0:04:43] [#]} (30. Rf2 $11 {remains equal.}) 30... f5 $1 $17 (30... Nxf1 31. hxg6+ Kg8 32. Bd5+ Rf7 33. gxf7+ Qxf7 34. Bxf7+ $18) 31. Qg2 $2 {[%emt 0:03:10][%mdl 8192] Now White is beyond hope.} (31. hxg6+ $15 Kxg6 32. Rf2) 31... Nxf1 $19 32. Kxf1 gxh5 33. Bxh5 g6 34. Bf3 Kg7 35. d5 Qe5 {[%emt 0:01:21] Prevents Qb2.} 36. Qd2 b5 37. d6 Re6 38. Rd1 Qxe3 39. Qd5 {[%emt 0:00:29] [#]} (39. Qxe3 Rxe3 40. Bb7) 39... Rd8 {[%emt 0:02:33] Black is clearly winning.} 40. Rd3 Qe1+ 41. Kg2 Rdxd6 42. Qxd6 Rxd6 43. Rxd6 Qe7 44. Rxa6 Qxg5+ 45. Kf2 Qf4 {[%emt 0:00:14] Weighted Error Value: White=0.52/Black=0.08 (flawless)} 0-1

[Event "55th Iranian-ch Men Final 2022"]
[Site "Iran"]
[Date "2022.06.23"]
[Round "12.2"]
[White "Daghli, Arash"]
[Black "Khamisi, S Jafar"]
[Result "1/2-1/2"]
[ECO "C50"]
[WhiteElo "2441"]
[BlackElo "2118"]
[Annotator "TA"]
[PlyCount "102"]
[EventDate "2022.06.15"]
[EventType "tourn"]
[EventCountry "IRI"]
[SourceTitle "playchess.com"]
[Source "ChessBase"]
[SourceQuality "1"]
[TimeControl "40/5400+30:1800+30"]

1. e4 e5 2. Nf3 Nc6 3. Bc4 Bc5 4. d3 Nf6 5. Bg5 Be7 6. O-O {[%emt 0:02:39] C50: Hungarian Defence and Giuoco Pianissimo.} O-O 7. a4 d6 8. Nc3 {[%emt 0:01:44] [#] White is slightly better.} h6 $146 ({Predecessor:} 8... Kh8 9. h3 Be6 10. Re1 a6 11. Rb1 h6 12. Bxf6 Bxf6 13. Nd5 Rb8 14. b4 Bxd5 15. exd5 {½-½ (37) Kogan,A (2569)-Roiz,M (2680) Helsingor 2008}) 9. Bxf6 Bxf6 10. Nd5 g6 11. a5 Bg7 12. c3 Be6 13. Qb3 Rb8 14. h3 Kh7 15. Ne3 Bxc4 16. Qxc4 Qd7 17. d4 exd4 18. cxd4 Ne7 19. Rac1 c6 20. b4 Rbc8 21. Qb3 Qe6 22. Qd3 Qd7 23. Rfd1 d5 24. e5 f6 25. exf6 Bxf6 26. Ng4 a6 $1 27. Re1 Qf5 (27... Nf5 $11 {remains equal.}) 28. Qd2 {[%emt 0:00:00] White is more active.} Ng8 29. Nxf6+ Rxf6 30. Re5 Qd7 31. Rce1 Rcf8 (31... Rc7 $142) 32. R5e3 $16 Qd6 33. R1e2 Kg7 (33... R6f7 $142) 34. Ne5 Kh7 35. Ng4 (35. Nd3 $142) 35... R6f7 36. g3 h5 (36... Rg7 $16 {was called for.}) 37. Re6 $2 ({Better is} 37. Ne5 $18) 37... Qd7 $11 38. Nh2 Rxf2 $1 39. Rxf2 Rxf2 40. Kxf2 Qxe6 {[%emt 0:00:00][%mdl 4096] Endgame KQN-KQN} 41. Nf3 $132 {[%emt 0:00:34][%mdl 2048] [#] Ng5+ would kill now. White has counterplay} Kg7 42. Qf4 Qe7 43. Ne5 Nf6 44. Nd3 Ne4+ 45. Kg2 Qf6 (45... Kg8 {seems wilder.} 46. Qh6 Qf7 47. Nf4 g5) 46. Qxf6+ Kxf6 47. Nc5 $1 Nxc5 48. bxc5 {[%emt 0:00:02] KP-KP. The position is equal.} Kf5 {[%emt 0:00:39] [#] ( -> ...Ke4)} 49. Kf3 g5 (49... Kg5 $5) 50. g4+ hxg4+ 51. hxg4+ Kf6 {[%emt 0:08:01] Weighted Error Value: White=0.10 (very precise) /Black=0.13 (very precise)} 1/2-1/2

[Event "55th Iranian-ch Men Final 2022"]
[Site "Iran"]
[Date "2022.06.23"]
[Round "12.3"]
[White "Poormosavi, Seyed Kian"]
[Black "Darini, Pouria"]
[Result "1/2-1/2"]
[ECO "B30"]
[WhiteElo "2358"]
[BlackElo "2431"]
[Annotator "TA"]
[PlyCount "108"]
[EventDate "2022.06.15"]
[EventType "tourn"]
[EventCountry "IRI"]
[SourceTitle "playchess.com"]
[Source "ChessBase"]
[SourceQuality "1"]
[TimeControl "40/5400+30:1800+30"]

1. e4 c5 2. Nf3 Nc6 3. Bb5 e6 4. O-O Nge7 5. Re1 b6 (5... a6 $11 {should be considered.} 6. Bxc6 Nxc6) 6. c3 $14 {[%emt 0:05:50] B30: Sicilian: 2...Nc6 3 Bb5, lines without ...g6.} a6 7. Bf1 d5 8. exd5 Nxd5 9. d4 cxd4 10. Nxd4 Bb7 11. Nxc6 Bxc6 12. c4 Nf6 {[%emt 0:07:26] [#]} 13. Qxd8+ $146 ({Predecessor:} 13. Be3 Bc5 14. Bxc5 bxc5 15. Nd2 a5 16. Be2 a4 17. Qc2 O-O 18. Bf3 Qb6 19. Bxc6 Qxc6 {½-½ (40) Kryvoruchko,Y (2685)-Moiseenko,A (2597) Kharkov 2021}) 13... Rxd8 14. Be3 Bc5 15. Nc3 Ke7 16. Rad1 Rxd1 17. Nxd1 Rd8 18. Nc3 a5 19. Rd1 (19. f3 $11 {remains equal.}) 19... Bxe3 $17 20. fxe3 Rc8 (20... Rxd1 $17 21. Nxd1 Kd6) 21. Be2 $15 Nd7 22. b3 Ne5 23. Kf2 f5 24. Bf3 Bd7 25. h4 h6 26. a4 (26. e4 $15) 26... g5 $17 27. Ne2 (27. Rd4 $142) 27... Rg8 ({Not} 27... gxh4 28. Nf4 $11) (27... g4 $142 $1 28. Bb7 Rc7) 28. hxg5 hxg5 29. Nd4 Rh8 30. Bb7 Be8 31. Kg1 (31. Bf3 $15) 31... Bh5 ({Better is} 31... g4 $1 $17 32. g3 Nd7) 32. Rd2 {[%emt 0:00:14] [#]} ({White should try} 32. Bf3 $15) 32... Rd8 $1 33. Rc2 {[%emt 0:01:42] [#]} Rd7 $2 (33... f4 $1 $17 34. exf4 gxf4) 34. Bc8 $1 $11 Rd6 35. c5 bxc5 36. Rxc5 Ng4 37. Bxe6 Nxe3 38. Nxf5+ Nxf5 39. Bxf5 {[%emt 0:00:03][%mdl 4096] Endgame KRB-KRB} Bf7 40. Rxa5 {[%emt 0:00:00] Strongly threatening Rb5.} Bxb3 {[%emt 0:00:00] The position is equal.} 41. Ra7+ Kf6 42. Be4 Ke5 43. Ba8 Kf4 44. Rb7 Bxa4 ({Don't do} 44... Rd1+ 45. Kh2 Be6 46. a5 $16) 45. Rb4+ Kg3 46. Bf3 {[%emt 0:00:06][%csl Gf3][%cal Rb4g4] Inhibits Rd1+.} Bd7 {[%emt 0:00:04] Inhibits Rg4+.} 47. Be2 $1 Rd2 48. Rb3+ Kf4 (48... Kh4 $5 49. Kf2 g4 $11) 49. Rd3 Rxe2 50. Rxd7 g4 51. Rd4+ Kg3 52. Rd3+ Kf4 53. Rd4+ $1 Kg3 54. Rd3+ Kf4 {[%emt 0:19:34] Weighted Error Value: White=0.13 (very precise) /Black=0.17 (very precise)} 1/2-1/2